 Dungeon Crawl Stone Soup version 0.26-a0-752-gcff87cac9a (webtiles) character file.

Game seed: 6680759765374151467

41 Antenora the Skirmisher (level 3, -2/33 HPs)
             Began as a Draconian Abyssal Knight on Nov 6, 2020.
             Was a Follower of Lugonu.
             Slain by an orc
             ... wielding a +0 mace
              (4 damage)
             ... on level 3 of the Dungeon.
             The game lasted 00:05:52 (1239 turns).

Antenora the Skirmisher (Draconian Abyssal Knight)  Turns: 1239, Time: 00:05:53

Health: -2/33      AC:  5    Str: 15    XL:     3   Next: 32%
Magic:  5/5        EV: 12    Int: 12    God:    Lugonu [*.....]
Gold:   53         SH:  0    Dex: 10    Spells: 2/2 levels left

rFire    . . .     SeeInvis .   a - +1 falchion
rCold    . . .     Faith    .   (no shield)
rNeg     . . .     Spirit   .   (armour unavailable)
rPois    .         Reflect  .   (helmet restricted)
rElec    .         Harm     .   (no cloak)
rCorr    .         Rampage  .   (no gloves)
MR       .....                  (no boots)
Stlth    +.........             (no amulet)
HPRegen  0.11/turn              (no ring)
MPRegen  0.09/turn              (no ring)

@: about to teleport
A: unfitting armour, cold-blooded, AC +5
a: Depart the Abyss, Renounce Religion


You were on level 3 of the Dungeon.
You worshipped Lugonu.
Lugonu was aware of your devotion.
You visited 1 branch of the dungeon, and saw 3 of its levels.
You visited the Abyss 1 time.

You collected 53 gold pieces.

Inventory:

Hand Weapons
 a - a +1 falchion (weapon)
Jewellery
 d - an uncursed ring of fire
Scrolls
 b - a scroll of teleportation
 e - 2 scrolls of identify
 f - a scroll of remove curse {unknown}
 h - a scroll of fear {unknown}
Potions
 c - a potion of cancellation
 g - a potion of brilliance {unknown}


   Skills:
 + Level 3.8 Fighting
 + Level 2.2 Long Blades
 + Level 2.5 Dodging
 + Level 2.7 Invocations


You had 2 spell levels left.
You didn't know any spells.
Your spell library was empty.

Dungeon Overview and Level Annotations

Branches:
Dungeon (3/15)

Altars:
Gozag


Innate Abilities, Weirdness & Mutations

Your plain brown scales are hard. (AC +5)
You cannot fit into any form of body armour.
You are cold-blooded and may be slowed by cold attacks.


Message History

Lugonu accepts your kill. The orc closely misses you.
You riposte.
You barely miss the orc.
You tail-slap the orc, but do no damage.
The orc hits you with a +0 mace. x2
Things that are here:
a +0 robe; an orc corpse You hit the orc.
The orc is lightly wounded.
The orc hits you with a +0 mace.
* * * LOW HITPOINT WARNING * * *
A kobold comes into view. It is wielding a +0 short sword.
The orc hits you with a +0 hand axe.
* * * LOW HITPOINT WARNING * * *
The orc hits you with a +0 mace.
* * * LOW HITPOINT WARNING * * *
As you read the scroll of teleportation, it crumbles to dust.
You feel strangely unstable.
The kobold shouts!
The orc hits you with a +0 mace.
You die...

..... ##...# ##+##
#....# ##...## #....#
##.....## #.#.##
##.......##
#####....####.........##
............'.........'.
#####....####.........##
#.#.## ##..@o...## #.###
##ooo..## #.# ##...##
#.# ##'## #.# .# #.# K#
.. ..


You could see 4 orcs and a kobold.

Vanquished Creatures
  An adder (D:2)
  An ooze (D:2)
  An orc (D:3)
  2 bats (D:1)
  2 goblins
  2 hobgoblins
  3 jackals (D:2)
  2 kobolds
  A quokka (D:2)
  9 frilled lizards
  4 rats (D:2)
28 creatures vanquished.

Notes
Turn   | Place    | Note
-------+----------+-------------------------------------------
     0 | Abyss:1  | Antenora the Draconian Abyssal Knight began the quest for
                  | the Orb.
     0 | Abyss:1  | Reached XP level 1. HP: 19/19 MP: 2/2
    85 | Abyss:1  | Noticed a vampire
    86 | D:1      | Escaped the Abyss
   542 | D:2      | Reached * piety under Lugonu
   542 | D:2      | Reached XP level 2. HP: 21/26 MP: 3/3
   618 | D:2      | Reached XP level 3. HP: 27/33 MP: 5/5
   638 | D:2      | Found an opulent altar of Gozag.
  1239 | D:3      | Slain by an orc

Illustrated notes

Levels and vault maps discovered:
D:1:      dpeg_arrival_oval, layout_loops_ring
D:2:      layout_basic, nicolae_overflow_crystal_walls, moated_statue,
          minmay_lizard_pond
D:3:      layout_loops_corners, lemuel_doored_altar

Action                   || total
-------------------------++-------
Melee: Falchion          ||    59
       Tailslap          ||     6
Invok: Depart the Abyss  ||     1
  Use: Scroll            ||     5
       Potion            ||     1
Armor: Skin              ||    27
Dodge: Dodged            ||    76
       Rpst.: Falchion   ||    28

Table legend: (Time is in decaauts)
 A = Elapsed time spent in this place.
 B = Non-inter-level travel time spent in this place.
 C = Inter-level travel time spent in this place.
 D = Time resting spent in this place.
 E = Time spent auto-exploring this place.
 F = Levels seen in this place.
 G = Mean time per level.
                   A        B        C        D        E       F      G
               +--------+--------+--------+--------+--------+-----+--------+
         Total |   1259 |   1257 |      2 |      0 |      0 |   4 |  314.8 |
       Dungeon |   1173 |   1171 |      2 |      0 |      0 |   3 |  391.0 |
         Abyss |     86 |     86 |      0 |      0 |      0 |   1 |   86.0 |
               +--------+--------+--------+--------+--------+-----+--------+

Top non-repeatable levels by time:
     D:2: 566 daAuts
     D:1: 446 daAuts
     D:3: 160 daAuts
 Abyss:1: 86 daAuts
